 Dungeon Crawl Stone Soup version 0.19.1 (webtiles) character file.

100 ChaseSP the Gusty (level 4, -1/24 HPs)
             Began as a Tengu Air Elementalist on Dec 3, 2016.
             Killed by their own static electricity (3 damage)
             ... on level 2 of the Dungeon.
             The game lasted 00:05:02 (2932 turns).

ChaseSP the Gusty (Tengu Air Elementalist)          Turns: 2932, Time: 00:05:02

Health: -1/24      AC:  2    Str:  9    XL:     4   Next: 74%
Magic:  2/8        EV: 13    Int: 16    God:
Gold:   60         SH:  0    Dex: 18    Spells: 3 memorised, 1 level left

rFire  . . .     SeeInvis .     e - +0 spear
rCold  . . .     Gourm    .     a - +0 robe
rNeg   . . .     Faith    .     (no shield)
rPois  .         Spirit   .     (helmet restricted)
rElec  .         Reflect  .     (no cloak)
rCorr  .         Harm     .     (no gloves)
MR     .....                    (boots unavailable)
Stlth  ++........               (no amulet)
                                (no ring)
                                l - +4 ring of dexterity

@: no status effects
A: beak, talons 3
a: no special abilities


You were on level 2 of the Dungeon.
You were not hungry.

You visited 1 branch of the dungeon, and saw 2 of its levels.

You collected 60 gold pieces.

Inventory:

Hand Weapons
 e - a +0 spear (weapon)
Armour
 a - a +0 robe (worn)
 k - a +0 ring mail
Jewellery
 l - a +4 ring of dexterity (left hand)
Scrolls
 d - 4 scrolls of identify {unknown}
 o - 5 scrolls of amnesia {unknown}
 r - a scroll of remove curse {unknown}
 s - a scroll of noise {unknown}
 t - a scroll of teleportation {unknown}
Potions
 h - 2 potions of degeneration {unknown}
 i - a potion of magic {unknown}
 j - a potion of cure mutation {unknown}
 m - a potion of berserk rage {unknown}
 n - a potion of flight {unknown}
 p - a potion of haste {unknown}
 q - a potion of lignification {unknown}
Books
 b - a book of Air

   Spells                             Type                      Level
   a - Shock                          Conjuration/Air              1
   b - Swiftness                      Charms/Air                   2
   c - Repel Missiles                 Charms/Air                   2
   d - Static Discharge               Conjuration/Air              3
   e - Lightning Bolt                 Conjuration/Air              5
Comestibles
 c - a bread ration
 f - a meat ration
 g - a beef jerky


   Skills:
 - Level 2.1 Dodging
 - Level 2.0 Stealth
 - Level 2.0 Spellcasting
 + Level 4.0 Conjurations
 + Level 5.8 Air Magic


You had one spell level left.
You knew the following spells:

 Your Spells              Type           Power        Failure   Level  Hunger
a - Shock                 Conj/Air       ###.         3%          1    #......
b - Swiftness             Chrm/Air       ##......     12%         2    ###....
c - Static Discharge      Conj/Air       ###.....     12%         3    ###....


Dungeon Overview and Level Annotations

Branches:
Dungeon (2/15)

Altars:
Cheibriados
Nemelex Xobeh
Okawaru


Innate Abilities, Weirdness & Mutations

You have a beak for a mouth.
You have claws for feet.


Message History

Casting: Shock
Confirm with . or Enter, or press ? or * to list all spells.
The jackal is struck by lightning.
The jackal is severely wounded.
The lightning arcs!
You are struck by lightning.
* * * LOW HITPOINT WARNING * * *
The lightning grounds out.
The jackal misses you.
The jackal bites you but does no damage.
The jackal completely misses you. The jackal closely misses you.
The jackal misses you. The jackal completely misses you.
Casting: Static Discharge
Confirm with . or Enter, or press ? or * to list all spells.
The jackal is struck by lightning.
You kill the jackal!
The lightning arcs!
You are struck by lightning.
* * * LOW HITPOINT WARNING * * *
The lightning grounds out.
The jackal is struck by lightning.
You kill the jackal!
The lightning arcs!
You are struck by lightning.
You die...

############
#############...@†...... #
........>........h..#####.#
##..#####................# #..#
#.###.####......## #..# #.#
#.###.###.##.#.# #..# #.#
#.#...# #.....###
##..#####.###.#.#.###.#####_#
..........>..........## ###.###
.....####......#.##.#####..##.#


You could see a jackal.

Vanquished Creatures
  2 gnolls (D:2)
  2 adders (D:2)
  An ooze (D:1)
  2 worms (D:2)
  2 leopard geckos (D:2)
  3 ball pythons (D:2)
  5 giant cockroaches
  5 goblins
  9 hobgoblins
  3 jackals (D:2)
  2 quokkas (D:2)
  3 bats
  A frilled lizard (D:1)
  3 kobolds
  5 rats
48 creatures vanquished.

Notes
Turn   | Place    | Note
-------+----------+-------------------------------------------
     0 | D:1      | ChaseSP the Tengu Air Elementalist began the quest for the Orb.
     0 | D:1      | Reached XP level 1. HP: 10/10 MP: 4/4
   397 | D:1      | Reached XP level 2. HP: 15/15 MP: 0/6
   481 | D:1      | Learned a level 2 spell: Swiftness
  1139 | D:2      | Found a snail-covered altar of Cheibriados.
  1335 | D:2      | Reached XP level 3. HP: 13/19 MP: 7/7
  1346 | D:2      | Learned a level 3 spell: Static Discharge
  1568 | D:2      | Found an iron altar of Okawaru.
  1576 | D:2      | Reached skill level 5 in Air Magic
  1895 | D:2      | Reached XP level 4. HP: 24/24 MP: 8/8
  2003 | D:2      | Found a sparkling altar of Nemelex Xobeh.
  2932 | D:2      | Killed from afar by themself

Skill      XL: |  1  2  3  4 |
---------------+-------------+-----
Conjurations   | 2 3 4 |  4.0
Air Magic      | 5 |  5.8
Dodging        | |  2.1
Stealth        | |  2.0
Spellcasting   | |  2.0

Action                   |  1- 3 |  4- 6 || total
-------------------------+-------+-------++-------
Melee: Unarmed           |     4 |       ||     4
       Kick              |    13 |    13 ||    26
       Spear             |    59 |    64 ||   123
       Club              |    10 |       ||    10
       Peck              |     8 |    12 ||    20
 Cast: Shock             |    25 |     3 ||    28
       Static Discharge  |       |     1 ||     1
 Stab: Sleeping          |     3 |     2 ||     5
  Eat: Chunk             |     3 |     4 ||     7
Armor: Robe              |     7 |     9 ||    16
Dodge: Dodged            |    54 |    46 ||   100
